[Event "83rd ESP-ch Women-ch 2018"]
[Site "Linares"]
[Date "2018.08.26"]
[Round "7"]
[White "Nunez, Daniela Alejandra"]
[Black "Ayats Llobera, Gerard"]
[Result "1/2-1/2"]
[WhiteElo "2021"]
[BlackElo "2345"]
[ECO "B13"]
[Opening "Caro-Kann"]
[Variation "exchange variation"]
[TimeControl "40/5400+30:1800+30"]
[Annotator "ChessBase"]
[EventDate "2018.08.09"]
[PlyCount "93"]
[EventType "tourn"]
[EventCountry "ESP"]

1. e4 c6 2. d4 d5 3. exd5 cxd5 4. Bd3 Nc6 5. c3 Nf6 6. h3 g6 7. Nf3 Bg7 8.
O-O O-O 9. Re1 Qc7 10. Bg5 Bf5 11. Bxf5 gxf5 12. Qc1 Kh8 13. Bf4 Qd7 14.
Nbd2 Rg8 15. Ne5 Nxe5 16. dxe5 Ne4 17. Nb3 a5 18. f3 a4 19. Nd4 Nc5 20. Qe3
Ra6 21. b4 axb3 22. axb3 Rga8 23. Rxa6 Rxa6 24. b4 Na4 25. b5 Rg6 26. e6
Qe8 27. exf7 Qxf7 28. Qxe7 Bxd4+ 29. cxd4 Qxe7 30. Rxe7 Rb6 31. Be5+ Kg8
32. Rg7+ Kf8 33. Rxh7 Rxb5 34. h4 Nb2 35. Rh5 Nd3 36. Rxf5+ Kg8 37. h5 Rb1+
38. Kh2 b5 39. h6 Kh7 40. Bg7 Rb2 41. Kh3 b4 42. g4 b3 43. Kh4 Rh2+ 44. Kg5
b2 45. Rf8 Rxh6 46. Bxh6 b1=Q 47. Rf7+ 1/2-1/2

[Event "83rd ESP-ch Women-ch 2018"]
[Site "Linares"]
[Date "2018.08.26"]
[Round "7"]
[White "Pablos Tenrero, Raquel"]
[Black "Garcia Romero, Benjamin Abel"]
[Result "1-0"]
[WhiteElo "2015"]
[BlackElo "2230"]
[ECO "D00"]
[Opening "Queen's pawn"]
[Variation "Chigorin variation"]
[TimeControl "40/5400+30:1800+30"]
[Annotator "ChessBase"]
[EventDate "2018.08.09"]
[PlyCount "117"]
[EventType "tourn"]
[EventCountry "ESP"]

1. d4 d5 2. Nc3 Nf6 3. Bf4 e6 4. e3 Bb4 5. Bd3 c5 6. dxc5 Nbd7 7. Nf3 O-O
8. Bd6 Re8 9. O-O Nxc5 10. Be5 a6 11. a3 Nxd3 12. Qxd3 Bd6 13. Bxd6 Qxd6
14. e4 e5 15. Nxd5 Nxd5 16. Qxd5 Qf6 17. Rad1 Bg4 18. Qd3 Rac8 19. c3 Qg6
20. Qe3 Qh5 21. h3 Be6 22. Qg5 Qxg5 23. Nxg5 Bc4 24. Rfe1 Red8 25. Nf3 f6
26. Nd2 Bd3 27. Nf1 Kf7 28. f3 Bc2 29. Rxd8 Rxd8 30. Kf2 Bb3 31. Re2 Ke6
32. Rd2 Rc8 33. Ne3 g6 34. g4 a5 35. h4 Ba4 36. Kg3 Be8 37. g5 f5 38. exf5+
gxf5 39. f4 Rc5 40. c4 exf4+ 41. Kxf4 Re5 42. Rd4 Bc6 43. b4 b6 44. Nd5 Re1
45. Nc7+ Ke7 46. Kxf5 Bd7+ 47. Kf4 Rf1+ 48. Kg3 Bc6 49. Nd5+ Ke6 50. Rf4
Ra1 51. Rf6+ Kd7 52. Nxb6+ Kc7 53. bxa5 Rxa3+ 54. Kg4 Rxa5 55. Nd5+ Bxd5
56. cxd5 Rxd5 57. Rf7+ Rd7 58. Rxd7+ Kxd7 59. Kh5 1-0

[Event "83rd ESP-ch Women-ch 2018"]
[Site "Linares"]
[Date "2018.08.26"]
[Round "7"]
[White "Sosa Suarez, Carla Cristina"]
[Black "Jimenez Bernal, Francisco"]
[Result "1/2-1/2"]
[WhiteElo "2006"]
[BlackElo "2250"]
[ECO "B96"]
[Opening "Sicilian"]
[Variation "Najdorf, 7.f4"]
[TimeControl "40/5400+30:1800+30"]
[Annotator "ChessBase"]
[EventDate "2018.08.09"]
[PlyCount "67"]
[EventType "tourn"]
[EventCountry "ESP"]

1. e4 c5 2. Nf3 d6 3. d4 Nf6 4. Nc3 cxd4 5. Nxd4 a6 6. Bg5 e6 7. f4 Nbd7 8.
Bc4 Qb6 9. Bb3 Nc5 10. Bxf6 Nxb3 11. axb3 gxf6 12. f5 h5 13. Qd3 Bh6 14.
Rf1 Bd7 15. Rf3 O-O-O 16. Nd1 e5 17. Ne2 Bc6 18. c4 Rhg8 19. Kf1 Rg7 20.
Rg3 Rxg3 21. Nxg3 h4 22. Ne2 Qc5 23. Nf2 Rg8 24. h3 Kc7 25. Ng4 Bg5 26. Nc3
Kd7 27. Na4 Qb4 28. Qc3 Qxc3 29. Nxc3 Ke7 30. Ke2 Rc8 31. Ra5 Bc1 32. Ra2
Rc7 33. Kd1 Bg5 34. Ra5 1/2-1/2

[Event "83rd ESP-ch Women-ch 2018"]
[Site "Linares"]
[Date "2018.08.26"]
[Round "7"]
[White "Blazquez Gomez, Miguel"]
[Black "Sanchez Jerez, Emilio Miguel"]
[Result "0-1"]
[WhiteElo "1998"]
[BlackElo "2246"]
[ECO "B20"]
[Opening "Sicilian defence"]
[TimeControl "40/5400+30:1800+30"]
[Annotator "ChessBase"]
[EventDate "2018.08.09"]
[PlyCount "90"]
[EventType "tourn"]
[EventCountry "ESP"]

1. e4 c5 2. a3 Nf6 3. e5 Nd5 4. Nc3 Nxc3 5. dxc3 d5 6. exd6 exd6 7. Qf3 Be7
8. Be3 Nc6 9. Bb5 O-O 10. Bxc6 bxc6 11. Ne2 a5 12. O-O Rb8 13. b3 Qd7 14.
Rfe1 Qf5 15. Qxf5 Bxf5 16. Ng3 Bxc2 17. Rac1 Bd3 18. Bf4 g5 19. Bd2 Rfe8
20. Nh5 h6 21. h4 Bg6 22. g4 Bxh5 23. gxh5 Kg7 24. b4 c4 25. bxa5 gxh4 26.
Re4 d5 27. Rg4+ Kh7 28. Re1 Rg8 29. f3 Bxa3 30. Kg2 Rb2 31. Re2 Ra2 32.
Rxg8 Kxg8 33. Kh3 Kh7 34. Rg2 Bc5 35. Bf4 Rxa5 36. Be5 Bf8 37. Rb2 Bg7 38.
f4 Bxe5 39. fxe5 Ra3 40. Rb7 Rxc3+ 41. Kxh4 Kg8 42. Kg4 Re3 43. Kf4 Re4+
44. Kf5 c3 45. e6 Rxe6 0-1

[Event "83rd ESP-ch Women-ch 2018"]
[Site "Linares"]
[Date "2018.08.26"]
[Round "7"]
[White "Gonzalez Garcia, Francisco"]
[Black "Maranon Canton, Antonio"]
[Result "1-0"]
[WhiteElo "1972"]
[BlackElo "1868"]
[ECO "B88"]
[Opening "Sicilian"]
[Variation "Sozin, Leonhardt variation"]
[TimeControl "40/5400+30:1800+30"]
[Annotator "NA"]
[EventDate "2018.08.09"]
[PlyCount "83"]
[EventType "tourn"]
[EventCountry "ESP"]

1. e4 c5 2. Nf3 Nc6 3. d4 cxd4 4. Nxd4 Nf6 5. Nc3 d6 6. Bc4 e6 7. Bb3 Be7
8. O-O O-O 9. a3 Nxd4 10. Qxd4 Bd7 11. Bg5 Bc6 12. Rfe1 d5 13. exd5 Nxd5
14. Bxe7 Nxe7 15. Qg4 Nf5 16. Rad1 Qh4 17. Qxh4 Nxh4 18. f3 Rfd8 19. Kf2
Kf8 20. Na2 a5 21. c3 Ng6 22. Nc1 Rxd1 23. Rxd1 Ne5 24. Ke3 a4 25. Ba2 Ke7
26. Ne2 Bb5 27. Rd4 Nc6 28. Rd2 Na5 29. Nd4 Bc4 30. Bb1 Bd5 31. Bd3 Bc4 32.
Re2 Rc8 33. Bxc4 Nxc4+ 34. Kd3 g6 35. Kc2 Rd8 36. Re4 Nb6 37. Ne2 f5 38.
Rb4 Rd6 39. Nf4 Kf6 40. g3 h5 41. Rb5 e5 42. Rxb6 1-0

[Event "83rd ESP-ch Women-ch 2018"]
[Site "Linares"]
[Date "2018.08.26"]
[Round "7"]
[White "Antunez Munoz, Ines"]
[Black "Castellanos Gomez, Alejandro"]
[Result "0-1"]
[WhiteElo "1956"]
[BlackElo "2320"]
[ECO "C05"]
[Opening "French"]
[Variation "Tarrasch, closed variation"]
[TimeControl "40/5400+30:1800+30"]
[Annotator "ChessBase"]
[EventDate "2018.08.09"]
[PlyCount "80"]
[EventType "tourn"]
[EventCountry "ESP"]

1. e4 e6 2. d4 d5 3. Nd2 Nf6 4. e5 Nfd7 5. f4 c5 6. Ngf3 Nc6 7. Nb3 Be7 8.
Be2 cxd4 9. Nbxd4 Nc5 10. O-O Bd7 11. c3 a6 12. Be3 O-O 13. Qc2 Qc7 14.
Rad1 Rac8 15. Nxc6 Bxc6 16. Kh1 Ba4 17. b3 Be8 18. Nd4 b5 19. Bf3 Bd7 20.
Rde1 g6 21. Bf2 Nb7 22. Re3 Qa5 23. f5 Bg5 24. Rd3 Qc7 25. Be3 Bxe3 26.
Rxe3 gxf5 27. Bxd5 Kh8 28. Bf3 Rg8 29. Qf2 Nc5 30. Qh4 Qd8 31. Qh5 Be8 32.
Bd1 Ne4 33. Bc2 Rxc3 34. Rxc3 Nxc3 35. Nf3 Rg7 36. Nh4 Bc6 37. Rf2 Qd4 38.
Rf1 Qd2 39. Bb1 Bxg2+ 40. Kg1 Bf3+ 0-1

[Event "83rd ESP-ch Women-ch 2018"]
[Site "Linares"]
[Date "2018.08.26"]
[Round "7"]
[White "Ortin Blanco, Ainhoa"]
[Black "Samuel Lares, Jairo"]
[Result "1-0"]
[WhiteElo "1951"]
[BlackElo "2006"]
[ECO "A84"]
[Opening "Dutch defence"]
[TimeControl "40/5400+30:1800+30"]
[Annotator "NA"]
[EventDate "2018.08.09"]
[PlyCount "67"]
[EventType "tourn"]
[EventCountry "ESP"]

1. d4 f5 2. c4 g6 3. Nc3 Nf6 4. h4 h6 5. Nh3 e6 6. Nf4 Rg8 7. e3 b6 8. Be2
Bb7 9. Bf3 c6 10. e4 Bb4 11. e5 Ne4 12. Bxe4 Bxc3+ 13. bxc3 fxe4 14. Qc2
Ba6 15. Qxe4 Bxc4 16. Nxg6 Bd5 17. Qg4 Qe7 18. Nxe7 Rxg4 19. Nxd5 cxd5 20.
Bxh6 Rxg2 21. Bg5 Nc6 22. Kf1 Rxg5 23. hxg5 O-O-O 24. Ke2 Rg8 25. Rag1 Ne7
26. Rh7 Ng6 27. Rf7 Kd8 28. Rh1 Nf8 29. f4 Ke8 30. Rf6 Ke7 31. Rhh6 Rg7 32.
Rh8 Nh7 33. Ra8 a5 34. a4 1-0

[Event "83rd ESP-ch Women-ch 2018"]
[Site "Linares"]
[Date "2018.08.26"]
[Round "7"]
[White "Serrano Garcia, Luis"]
[Black "Esquivias Quintero, Luis Manuel"]
[Result "0-1"]
[WhiteElo "1915"]
[BlackElo "2260"]
[ECO "B23"]
[Opening "Sicilian"]
[Variation "closed, 2...Nc6"]
[TimeControl "40/5400+30:1800+30"]
[Annotator "ChessBase"]
[EventDate "2018.08.09"]
[PlyCount "58"]
[EventType "tourn"]
[EventCountry "ESP"]

1. e4 c5 2. Nc3 Nc6 3. Bb5 Nd4 4. Bc4 a6 5. a4 g6 6. Nf3 Bg7 7. O-O e6 8.
d3 Ne7 9. Nxd4 cxd4 10. Ne2 d5 11. exd5 Nxd5 12. Nf4 Ne7 13. Bd2 O-O 14.
Qf3 Rb8 15. h4 Bd7 16. h5 Bc6 17. Qh3 Qd6 18. Rfe1 e5 19. hxg6 hxg6 20. Ne2
Bd7 21. Qh2 b5 22. axb5 Bxb5 23. Bb3 Bxd3 24. Bxf7+ Rxf7 25. cxd3 Rxb2 26.
Bc1 Rc2 27. Ba3 Qf6 28. Qg3 Nf5 29. Qf3 Bh6 0-1

[Event "83rd ESP-ch Women-ch 2018"]
[Site "Linares"]
[Date "2018.08.26"]
[Round "7"]
[White "Badillo Ramos, Steve"]
[Black "Rios Gallardo, Guillermo"]
[Result "1-0"]
[WhiteElo "1901"]
[BlackElo "1992"]
[ECO "C03"]
[Opening "French"]
[Variation "Tarrasch, Guimard variation"]
[TimeControl "40/5400+30:1800+30"]
[Annotator "NA"]
[EventDate "2018.08.09"]
[PlyCount "99"]
[EventType "tourn"]
[EventCountry "ESP"]

1. e4 e6 2. d4 d5 3. Nd2 Nc6 4. c3 e5 5. exd5 Qxd5 6. Ngf3 exd4 7. Bc4 Qf5
8. cxd4 Be6 9. g4 Qa5 10. Bxe6 fxe6 11. Qb3 O-O-O 12. Qxe6+ Kb8 13. O-O Nf6
14. Nc4 Qa6 15. Ne3 Bd6 16. g5 Qe2 17. Qh3 Ne4 18. Nf5 Rhf8 19. N5h4 Nb4
20. Be3 Nc2 21. Rad1 Qb5 22. Qg2 g6 23. Rc1 Nb4 24. Rfd1 Nd3 25. Rc3 Nxc3
26. bxc3 Nf4 27. Bxf4 Rxf4 28. Qf1 Qd7 29. h3 Rdf8 30. Kg2 Qf7 31. Qe2 h6
32. Rd2 hxg5 33. Nxg5 Qf6 34. Nhf3 Qf5 35. c4 Qd7 36. Rd3 Re8 37. Re3 Rxe3
38. fxe3 Rf8 39. c5 Be7 40. Ne5 Qf5 41. Ngf3 Rh8 42. Ng4 Qe4 43. Nf2 Qb1
44. Ne5 Qf5 45. Qb2 Bh4 46. Nfg4 Rf8 47. Qe2 Ka8 48. Qd3 Qe6 49. d5 Qf6 50.
Nxf6 1-0

[Event "83rd ESP-ch Women-ch 2018"]
[Site "Linares"]
[Date "2018.08.26"]
[Round "7"]
[White "Cesar Maestre, Bernardo"]
[Black "Garcia Garcia, Adrian Antonio"]
[Result "0-1"]
[WhiteElo "1861"]
[BlackElo "2179"]
[ECO "A40"]
[Opening "Queen's pawn"]
[TimeControl "40/5400+30:1800+30"]
[Annotator "ChessBase"]
[EventDate "2018.08.09"]
[PlyCount "120"]
[EventType "tourn"]
[EventCountry "ESP"]

1. d4 e6 2. Nf3 f5 3. Nc3 Nf6 4. Bg5 d5 5. e3 Bd6 6. Nb5 O-O 7. Nxd6 Qxd6
8. c3 c5 9. Bf4 Qb6 10. Qb3 c4 11. Qxb6 axb6 12. Bxb8 Rxb8 13. b3 b5 14.
Nd2 Ra8 15. f3 Bd7 16. b4 g5 17. Be2 Ra6 18. a3 Rfa8 19. Nb1 f4 20. exf4
gxf4 21. Bd1 e5 22. dxe5 Re8 23. Kd2 Rxe5 24. Re1 Rg5 25. Re2 Kf7 26. Kc1
Ne8 27. Raa2 Ng7 28. Rad2 Rd6 29. Bc2 Re6 30. Rxe6 Kxe6 31. Bxh7 Rh5 32.
Bg8+ Kd6 33. g4 fxg3 34. hxg3 Bc6 35. g4 Rh8 36. Bf7 Rf8 37. Bg6 Rxf3 38.
Rh2 Rf6 39. Bc2 Rf1+ 40. Kb2 Rg1 41. Rh6+ Ke5 42. Nd2 Kf4 43. Rf6+ Ke3 44.
Nf3 Rf1 45. Rf7 Rxf3 46. Rxg7 d4 47. cxd4 Kd2 48. Rg5 c3+ 49. Kb3 Be4 50.
Bxe4 c2+ 51. Bxf3 c1=Q 52. Be4 Qc4+ 53. Kb2 Qxd4+ 54. Ka2 Qxe4 55. Rc5 b6
56. Rf5 Kc3 57. Rf2 Qe6+ 58. Ka1 Qe1+ 59. Ka2 Qxf2+ 60. Kb1 Qb2# 0-1

[Event "83rd ESP-ch Women-ch 2018"]
[Site "Linares"]
[Date "2018.08.26"]
[Round "7"]
[White "Argibay Fontan, Santiago"]
[Black "Romero Romero, Sebastian"]
[Result "0-1"]
[WhiteElo "1788"]
[BlackElo "2171"]
[ECO "A88"]
[Opening "Dutch"]
[Variation "Leningrad, main variation with c6"]
[TimeControl "40/5400+30:1800+30"]
[Annotator "ChessBase"]
[EventDate "2018.08.09"]
[PlyCount "76"]
[EventType "tourn"]
[EventCountry "ESP"]

1. Nf3 d6 2. g3 f5 3. Bg2 Nf6 4. d4 g6 5. O-O Bg7 6. c4 O-O 7. Nc3 c6 8.
Qc2 Na6 9. a3 Be6 10. b3 Kh8 11. e3 Rc8 12. Bb2 Qd7 13. Ng5 Nc7 14. Nxe6
Nxe6 15. Rad1 d5 16. c5 Nh5 17. Bf3 f4 18. Bxh5 gxh5 19. exf4 Nxd4 20. Qd3
e5 21. Ne2 e4 22. Qxd4 Bxd4 23. Nxd4 Kg8 24. Kg2 Rce8 25. Rfe1 Qg4 26. h3
Qg6 27. Bc1 Rf6 28. Be3 Kf7 29. h4 Qg4 30. b4 Rg8 31. Kh2 Qd7 32. a4 Rfg6
33. Rb1 Rg4 34. Rg1 Qd8 35. Kh3 Qd7 36. Kh2 b6 37. cxb6 axb6 38. Rgc1 Rxh4+
0-1

[Event "83rd ESP-ch Women-ch 2018"]
[Site "Linares"]
[Date "2018.08.27"]
[Round "8"]
[White "Espinosa Aranda, Angel"]
[Black "Garriga Cazorla, Pere"]
[Result "1/2-1/2"]
[WhiteElo "2451"]
[BlackElo "2444"]
[ECO "A33"]
[Opening "English"]
[Variation "symmetrical, Geller variation"]
[TimeControl "40/5400+30:1800+30"]
[Annotator "ChessBase"]
[EventDate "2018.08.09"]
[PlyCount "41"]
[EventType "tourn"]
[EventCountry "ESP"]

1. Nf3 c5 2. c4 Nc6 3. d4 cxd4 4. Nxd4 Nf6 5. Nc3 e6 6. g3 Qb6 7. Ndb5 Ne5
8. Bg2 a6 9. Na3 Bxa3 10. bxa3 Nxc4 11. O-O Qc5 12. Na4 Qa5 13. Nb2 Nxb2
14. Bxb2 d5 15. e4 dxe4 16. Qd6 Qd5 17. Qf4 Qf5 18. Qd6 Qd5 19. Qf4 Qf5 20.
Qd6 Qd5 21. Qf4 1/2-1/2

[Event "83rd ESP-ch Women-ch 2018"]
[Site "Linares"]
[Date "2018.08.27"]
[Round "8"]
[White "Vega Gutierrez, Sabrina Neide"]
[Black "Domingo Nunez, Ruben"]
[Result "1/2-1/2"]
[WhiteElo "2390"]
[BlackElo "2318"]
[ECO "C03"]
[Opening "French"]
[Variation "Tarrasch"]
[TimeControl "40/5400+30:1800+30"]
[Annotator "ChessBase"]
[EventDate "2018.08.09"]
[PlyCount "101"]
[EventType "tourn"]
[EventCountry "ESP"]

1. e4 e6 2. d4 d5 3. Nd2 Be7 4. Ngf3 Nf6 5. e5 Nfd7 6. Bd3 c5 7. c3 Nc6 8.
O-O g5 9. Qe2 h5 10. Qe3 Qb6 11. Nxg5 cxd4 12. cxd4 Qxd4 13. Qxd4 Nxd4 14.
Ngf3 Nc5 15. Nxd4 Nxd3 16. N2f3 b6 17. Nb5 Kd7 18. Rd1 Ba6 19. a4 Nb4 20.
Bg5 Bxb5 21. Bxe7 Kxe7 22. axb5 a6 23. bxa6 Nxa6 24. Ra3 Nc5 25. Rda1 Rxa3
26. Rxa3 Rc8 27. g3 Ne4 28. Nd4 Rc4 29. Rd3 Nc5 30. Rd1 Kd7 31. f3 Rb4 32.
Rd2 Na4 33. b3 Nc5 34. Kg2 Nxb3 35. Nxb3 Rxb3 36. f4 Ra3 37. Kh3 Ra8 38.
Kh4 Rh8 39. Kg5 Ke7 40. Rb2 f6+ 41. exf6+ Kf7 42. Rxb6 Rg8+ 43. Kxh5 Kxf6
44. Kh4 Rh8+ 45. Kg4 Rxh2 46. f5 Re2 47. Kf3 Re4 48. g4 Kf7 49. Rd6 Ke7 50.
Rxe6+ Rxe6 51. fxe6 1/2-1/2

[Event "83rd ESP-ch Women-ch 2018"]
[Site "Linares"]
[Date "2018.08.27"]
[Round "8"]
[White "Arroyo Rodriguez, Jesus"]
[Black "Diaz Rodriguez, Jose Antonio"]
[Result "1/2-1/2"]
[WhiteElo "2099"]
[BlackElo "1991"]
[ECO "A05"]
[Opening "Reti opening"]
[TimeControl "40/5400+30:1800+30"]
[Annotator "NA"]
[EventDate "2018.08.09"]
[PlyCount "84"]
[EventType "tourn"]
[EventCountry "ESP"]

1. Nf3 Nf6 2. g3 c6 3. c4 g6 4. b3 d6 5. d4 Bg7 6. Bb2 O-O 7. Bg2 a5 8. a3
Bg4 9. h3 Bd7 10. O-O Ne4 11. Ne1 d5 12. Nc3 Nxc3 13. Bxc3 Be6 14. c5 Nd7
15. Qd2 Nf6 16. f3 Qc7 17. Qf4 Qd7 18. g4 Ne8 19. Nd3 f6 20. Rfb1 h5 21. b4
axb4 22. Rxb4 Qc8 23. a4 Kh7 24. Bd2 Rh8 25. Rab1 Ra7 26. Kf2 Kg8 27. Qg3
h4 28. Qh2 Nc7 29. Bf4 Na6 30. Rb6 Kf7 31. Qg1 Bh6 32. Bh2 Bd2 33. Qd1 Ba5
34. R6b3 Bc7 35. f4 Qa8 36. Qd2 Bc8 37. e4 e6 38. Qc2 Nb8 39. Rb4 Na6 40.
R4b3 Nb8 41. Rb4 Na6 42. R4b3 Qb8 1/2-1/2

[Event "83rd ESP-ch Women-ch 2018"]
[Site "Linares"]
[Date "2018.08.27"]
[Round "8"]
[White "Gil Quilez, Sonia"]
[Black "Antunez Munoz, Ines"]
[Result "1/2-1/2"]
[WhiteElo "2066"]
[BlackElo "1956"]
[ECO "D31"]
[Opening "QGD"]
[Variation "Janowski variation"]
[TimeControl "40/5400+30:1800+30"]
[Annotator "NA"]
[EventDate "2018.08.09"]
[PlyCount "122"]
[EventType "tourn"]
[EventCountry "ESP"]

1. d4 d5 2. c4 e6 3. Nc3 a6 4. cxd5 exd5 5. Qb3 Nc6 6. Nf3 Be6 7. Bf4 Bd6
8. Bg3 Nf6 9. e3 O-O 10. a3 Rb8 11. Bd3 Ne7 12. Qc2 c6 13. Ne5 g6 14. Bf4
Kg7 15. h3 Qc7 16. g4 c5 17. Be2 cxd4 18. exd4 Ne4 19. Qc1 Rfc8 20. Bh6+
Kg8 21. Qf4 Nc6 22. Nxe4 dxe4 23. Qf6 Bf8 24. Bxf8 Rxf8 25. Rd1 Rfd8 26.
O-O Rd6 27. Nxc6 Qxc6 28. Qf4 Rbd8 29. Qe3 Qb6 30. Rd2 Bd5 31. Rc1 Rc6 32.
Rc5 Qc7 33. b4 Qd6 34. Rdc2 f5 35. gxf5 gxf5 36. Rxc6 Bxc6 37. Qg5+ Qg6 38.
Qxg6+ hxg6 39. Bxa6 Rxd4 40. b5 Bd5 41. Rc8+ Kg7 42. Rc7+ Kf6 43. Bxb7 Bxb7
44. Rxb7 Ra4 45. Rb6+ Kg5 46. Ra6 Rc4 47. b6 Rc1+ 48. Kg2 Rb1 49. a4 Rb2
50. a5 e3 51. Ra7 Rxf2+ 52. Kg1 Rb2 53. Re7 Kf4 54. b7 Kf3 55. h4 Rb1+ 56.
Kh2 Rb2+ 57. Kh3 Rb1 58. Kh2 Rb2+ 59. Kg1 Rb1+ 60. Kh2 Rb2+ 61. Kh3 Rb1
1/2-1/2

[Event "83rd ESP-ch Women-ch 2018"]
[Site "Linares"]
[Date "2018.08.27"]
[Round "8"]
[White "Fernandez Montero, Francisco Manuel"]
[Black "Argibay Fontan, Santiago"]
[Result "1-0"]
[WhiteElo "2046"]
[BlackElo "1788"]
[ECO "C28"]
[Opening "Vienna game"]
[TimeControl "40/5400+30:1800+30"]
[Annotator "NA"]
[EventDate "2018.08.09"]
[PlyCount "153"]
[EventType "tourn"]
[EventCountry "ESP"]

1. e4 e5 2. Bc4 Nc6 3. Nc3 Nf6 4. d3 Be7 5. f4 d6 6. Nf3 Bg4 7. h3 Be6 8.
f5 Bxc4 9. dxc4 Nb8 10. g4 h6 11. Be3 c6 12. Qd2 Qa5 13. O-O-O Na6 14. Kb1
O-O-O 15. Nd5 Qxd2 16. Nxe7+ Kd7 17. Nxd2 Ra8 18. Nxc6 bxc6 19. Rhg1 c5 20.
h4 h5 21. g5 Ng4 22. Nf1 Kc7 23. Rg3 Nb4 24. Bg1 a5 25. Nd2 Rhd8 26. c3 Na6
27. Kc2 a4 28. Nb1 Kc6 29. Rgd3 Nc7 30. Na3 Rab8 31. b3 axb3+ 32. axb3 Rb7
33. Nb1 Rbb8 34. Kb2 Rb7 35. Nd2 Na6 36. Ra1 Nc7 37. Rf3 Ra8 38. Rff1 Rba7
39. b4 Ra4 40. Rxa4 Rxa4 41. Ra1 Ra8 42. Rxa8 Nxa8 43. Nb3 Nb6 44. Na5+ Kc7
45. Kb3 Nd7 46. Ka4 Kb6 47. Nb3 Kc6 48. Ka5 Nb6 49. bxc5 Nxc4+ 50. Kb4 Nb2
51. Na5+ Kd7 52. c6+ Kc8 53. Nb7 Nd3+ 54. Kb5 Ngf2 55. Nxd6+ Kc7 56. Bxf2
Nxf2 57. Nxf7 Nxe4 58. Nxe5 Nd6+ 59. Kc5 Nxf5 60. Ng6 Nd6 61. Nf4 Ne4+ 62.
Kd4 Nd6 63. Ne6+ Kxc6 64. Nxg7 Nb5+ 65. Kd3 Kd6 66. Nxh5 Ke6 67. g6 Nd6 68.
g7 Kf7 69. c4 Nf5 70. c5 Ne7 71. Kc4 Nf5 72. Kd5 Ne7+ 73. Kd6 Nf5+ 74. Kd7
Ne3 75. c6 Nd5 76. c7 Nb6+ 77. Kd8 1-0

[Event "83rd ESP-ch Women-ch 2018"]
[Site "Linares"]
[Date "2018.08.27"]
[Round "8"]
[White "Perez Beltran, Salvador"]
[Black "Vazquez Pino, Miguel Angel"]
[Result "1-0"]
[WhiteElo "2018"]
[BlackElo "1909"]
[ECO "A61"]
[Opening "Benoni defence"]
[TimeControl "40/5400+30:1800+30"]
[Annotator "NA"]
[EventDate "2018.08.09"]
[PlyCount "77"]
[EventType "tourn"]
[EventCountry "ESP"]

1. d4 Nf6 2. Nf3 c5 3. d5 e6 4. c4 exd5 5. cxd5 d6 6. Nc3 g6 7. Bf4 Bg7 8.
Qa4+ Bd7 9. Qb3 Qc7 10. h3 O-O 11. e3 a6 12. a4 Bf5 13. Nd2 Re8 14. Be2 h6
15. g4 Bc8 16. Nc4 Bf8 17. O-O-O Nbd7 18. h4 Ne4 19. Nxe4 Rxe4 20. Bd3 Re8
21. Bg3 Nf6 22. Nb6 Rb8 23. g5 Ne4 24. h5 Nxg3 25. fxg3 Rxe3 26. hxg6 fxg6
27. gxh6 Bf5 28. Nc4 Rxg3 29. Qc2 Bxd3 30. Rxd3 Rg5 31. Qc3 Kh7 32. Qd2 Qd8
33. Rf3 Rf5 34. Rg3 Qf6 35. Ne3 Rf2 36. Ng4 Qf4 37. Nxf2 Qxg3 38. Ne4 Qb3
39. Ng5+ 1-0

[Event "83rd ESP-ch Women-ch 2018"]
[Site "Linares"]
[Date "2018.08.27"]
[Round "8"]
[White "Comellas Martos, Lidia"]
[Black "Cesar Maestre, Bernardo"]
[Result "1-0"]
[WhiteElo "2001"]
[BlackElo "1861"]
[ECO "B51"]
[Opening "Sicilian"]
[Variation "Canal-Sokolsky (Nimzovich-Rossolimo, Moscow) attack"]
[TimeControl "40/5400+30:1800+30"]
[Annotator "NA"]
[EventDate "2018.08.09"]
[PlyCount "41"]
[EventType "tourn"]
[EventCountry "ESP"]

1. e4 c5 2. Nf3 d6 3. Bb5+ Nd7 4. d4 Nf6 5. O-O Nxe4 6. Qe2 Nf6 7. dxc5
dxc5 8. Rd1 e6 9. Ne5 a6 10. Bxd7+ Nxd7 11. Na3 Be7 12. Nac4 Qc7 13. Bf4
Nxe5 14. Bxe5 Qc6 15. Nd6+ Kf8 16. Qh5 Bxd6 17. Rxd6 Qe8 18. Rad1 Ke7 19.
Qg5+ f6 20. Qxg7+ Qf7 21. Bxf6+ 1-0

[Event "83rd ESP-ch Women-ch 2018"]
[Site "Linares"]
[Date "2018.08.27"]
[Round "8"]
[White "Ucles Lirola, Moises"]
[Black "Jimenez de la Torre, Jose Antonio"]
[Result "0-1"]
[WhiteElo "1858"]
[BlackElo "2076"]
[ECO "D00"]
[Opening "Queen's pawn, Mason variation, Steinitz counter-gambit"]
[TimeControl "40/5400+30:1800+30"]
[Annotator "NA"]
[EventDate "2018.08.09"]
[PlyCount "126"]
[EventType "tourn"]
[EventCountry "ESP"]

1. d4 d5 2. Bf4 c5 3. e3 Nc6 4. Nf3 e6 5. c4 Nf6 6. Nc3 dxc4 7. Bxc4 cxd4
8. Nxd4 Nxd4 9. Qxd4 Qxd4 10. exd4 Bb4 11. a3 Ba5 12. b4 Bb6 13. Nb5 a6 14.
Nc7+ Bxc7 15. Bxc7 Bd7 16. Bd6 Rc8 17. Bd3 Bc6 18. O-O Kd7 19. Be5 Nd5 20.
f3 f6 21. Bg3 Bb5 22. Bxb5+ axb5 23. a4 bxa4 24. Rxa4 Rc4 25. Ra7 Rxb4 26.
Rc1 g5 27. h3 h6 28. Ra5 Rc8 29. Rxc8 Kxc8 30. Ra8+ Kd7 31. Rh8 Rxd4 32.
Rxh6 b5 33. h4 gxh4 34. Bxh4 b4 35. Rh7+ Kc6 36. Rh8 e5 37. Bf2 Rd1+ 38.
Kh2 Rf1 39. Bg1 b3 40. Rc8+ Nc7 41. Rb8 Rb1 42. Rb6+ Kd7 43. Rxf6 Nd5 44.
Rf7+ Kc6 45. Rf8 Rxg1 46. Kxg1 b2 47. Rc8+ Kb7 48. Rg8 b1=Q+ 49. Kf2 Qa2+
50. Kg3 Nf4 51. Rg7+ Kc6 52. Kh2 Qf2 53. Kh1 Kd6 54. Rg4 Ke6 55. Kh2 Kf5
56. Rg8 Ne2 57. Rf8+ Kg5 58. Rg8+ Kf4 59. Rg4+ Kf5 60. Kh3 Ng1+ 61. Kh2
Nxf3+ 62. Kh3 Ng1+ 63. Kh2 Kxg4 0-1

[Event "83rd ESP-ch Women-ch 2018"]
[Site "Linares"]
[Date "2018.08.28"]
[Round "9"]
[White "Cruz Lledo, Pablo"]
[Black "Sole Pijuan, Ferran"]
[Result "1-0"]
[WhiteElo "2432"]
[BlackElo "2320"]
[ECO "D30"]
[Opening "Queen's gambit declined"]
[TimeControl "40/5400+30:1800+30"]
[Annotator "RC"]
[EventDate "2018.08.09"]
[PlyCount "63"]
[EventType "tourn"]
[EventCountry "ESP"]

1. d4 d5 2. c4 e6 3. e3 Nf6 4. Nf3 b6 5. cxd5 exd5 6. Bd3 Bd6 7. O-O O-O 8.
Nc3 Bb7 9. Ne5 Nbd7 10. f4 Ne4 11. Bd2 f6 12. Nxe4 Bxe5 13. Ng3 Bd6 14. Qh5
f5 15. Bxf5 Nf6 16. Qh3 Bc8 17. Rae1 Bxf5 18. Qxf5 Qc8 19. Qd3 Qd7 20. b4
Rae8 21. b5 Ne4 22. Nxe4 Rxe4 23. Qb3 Be7 24. Rc1 Bd8 25. Rf3 h5 26. a4 Re6
27. Qc2 h4 28. Be1 Qe8 29. Bf2 Qh5 30. Rh3 Rg6 31. Bxh4 Re8 32. Bg5 1-0

[Event "83rd ESP-ch Women-ch 2018"]
[Site "Linares"]
[Date "2018.08.28"]
[Round "9"]
[White "Bernabeu Lopez, Carlos Javier"]
[Black "Roldan Marques, Daniel"]
[Result "1/2-1/2"]
[WhiteElo "2360"]
[BlackElo "2161"]
[ECO "C11"]
[Opening "French"]
[Variation "Steinitz, Boleslavsky variation"]
[TimeControl "40/5400+30:1800+30"]
[Annotator "NA RC"]
[EventDate "2018.08.09"]
[PlyCount "101"]
[EventType "tourn"]
[EventCountry "ESP"]

1. e4 e6 2. d4 d5 3. Nc3 Nf6 4. e5 Nfd7 5. f4 c5 6. Nf3 Nc6 7. Be3 cxd4 8.
Nxd4 Bc5 9. Qd2 a6 10. O-O-O Nxd4 11. Bxd4 b5 12. h4 b4 13. Ne4 Be7 $146
14. Nd6+ Bxd6 15. exd6 Qa5 16. a3 Rb8 17. Bxg7 Rg8 18. Bd4 Nc5 19. Qe1 Ne4
20. Bd3 f5 21. Bxe4 dxe4 22. Qe2 Rg4 23. Rh3 Qb5 24. Qd2 a5 25. Rb3 Bd7 26.
g3 Kf7 27. axb4 axb4 28. Re3 Qa5 29. b3 Bc6 30. Bb2 Qc5 31. Qd4 Qxd4 32.
Rxd4 Bd5 33. Kb1 Rb5 34. c4 bxc3 35. Rxc3 Rg8 $1 36. Kc2 Rb7 37. Ba3 Rgb8
38. Rc7+ Ke8 39. Rxb7 Rxb7 40. Bb4 h5 41. Kc3 Rg7 42. Rd2 Rxg3+ 43. Kd4
Rxb3 44. Bc5 Rd3+ 45. Rxd3 exd3 46. Kxd3 Kd7 47. Kd4 Bf3 48. Bb4 $11 Bd5
49. Bc5 Bf3 50. Bb4 Bd5 51. Bc5 1/2-1/2